 Dungeon Sprint DCSS version 0.19.3-4-gbf9329e (webtiles) character file.

2160 Kagutsuchi the Fighter (level 9, -1/88 (93) HPs)
             Began as a Black Draconian Berserker on Jan 28, 2017.
             Was an Elder of Trog.
             Succumbed to a death drake's dark miasma
             ... in the Dungeon (Sprint II: "The Violet Keep of Menkaure").
             The game lasted 00:06:55 (1757 turns).

Kagutsuchi the Fighter (Black Draconian Berserker)  Turns: 1757, Time: 00:06:56

HP:   -1/88 (93)    AC:  9    Str: 20    XL:     9   Next: 10%
MP:   9/9           EV: 18    Int: 12    God:    Trog [****..]
Gold: 168           SH:  0    Dex: 13    Spells: 0 memorised, 8 levels left

rFire  . . .     SeeInvis .     a - +0 falchion
rCold  + . .     Gourm    .     (armour unavailable)
rNeg   . . .     Faith    .     (no shield)
rPois  .         Spirit   .     (helmet restricted)
rElec  +         Reflect  .     (no cloak)
rCorr  .         Harm     .     (no gloves)
MR     ++...     NoTele   +     (no boots)
Stlth  ++........               (no amulet)
                                (no ring)
                                k - ring "Porph" {rC+ AC+2 Int+4 Slay+3}

@: lethally poisoned (-1 -> -93), recuperating, badly diseased, slowed, very
slow
A: breathe lightning, unfitting armour, blurry vision 2, electricity resistance,
slow regeneration 1, cold-blooded, subdued magic 2, AC +7
a: Breathe Lightning, Berserk, Trog's Hand, Brothers in Arms, Burn Spellbooks,
Renounce Religion


You were in the Dungeon.
You worshipped Trog.
Trog was greatly pleased with you.
You were not hungry.

You visited 1 branch You collected 1134 gold pieces.
You spent 966 gold pieces at shops.

Inventory:

Hand Weapons
 a - a +0 falchion (weapon)
 i - a +0 spear
 n - a +0 arbalest
Missiles
 d - 7 javelins of returning (quivered)
 m - 8 tomahawks of returning
 o - 22 bolts
Armour
 l - a +0 plate armour
Jewellery
 k - the ring "Porph" (left hand) {rC+ AC+2 Int+4 Slay+3}
   (You bought it in a shop in the Dungeon)

   [ring of protection]

   It affects your AC (+2).
   It affects your intelligence (+4).
   It affects your accuracy and damage with ranged weapons and melee attacks
   (+3).
   It protects you from cold.
Scrolls
 h - a scroll of blinking
Potions
 c - a potion of degeneration {unknown}
 e - 2 potions of haste
 f - 2 potions of magic
 g - a potion of berserk rage
Comestibles
 b - a bread ration
 j - a slice of pizza


   Skills:
 + Level 13.1 Fighting
 + Level 12.1 Long Blades
 + Level 10.9 Dodging
 + Level 3.0 Stealth


You had 8 spell levels left.
You didn't know any spells.

Dungeon Overview and Level Annotations

Branches:
Dungeon (1/1)

Altars:
Cheibriados
Dithmenos
Elyvilon
Fedhas
Gozag
Hepliaklqana
Kikubaaqudgha
Makhleb
Nemelex Xobeh
Okawaru
Qazlal
Ru
Sif Muna
Trog
Uskayaw
Vehumet
Xom
Yredelemnul
Zin
The Shining One
Beogh
Jiyva
Lugonu

Shops:
D !!:}(:%!%:=[=!?[

Annotations:
D exclusion: oklob plant


Innate Abilities, Weirdness & Mutations

You can breathe wild blasts of lightning.
Your glossy black scales are hard. (AC +7)
You cannot fit into any form of body armour.
You are resistant to electric shocks. (rElec)
You are cold-blooded and may be slowed by cold attacks.
Scrolls take you longer to read.
You regenerate slowly when monsters are visible.
Your spells are easier to cast, but less powerful.


Message History

The death drake is lightly wounded.
You feel very sick. The death drake closely misses you.
The death drake breathes miasma at you. The foul vapour engulfs you!
You are lethally poisoned!
You barely miss the death drake. You tail-slap the death drake.
The death drake is lightly wounded.
You are engulfed in dark miasma.
You are more poisoned.
You feel as though you will be slow longer.
* * * LOW HITPOINT WARNING * * *
x2 You feel extremely sick.
The death drake bites you!
* * * LOW HITPOINT WARNING * * *
You are engulfed in dark miasma.
You are more poisoned.
You feel your flesh rotting away!
You feel ill.
You feel as though you will be slow longer.
You die... ... +++ ... ## .. .. .. .# .##+##.. #. .# ##...##.#### +.##.# #..#..# ...# §..# ##...####..#####k§# .# ###'###.##..#..§§§# .# ?$?$ .##.##†..#..#.§#@§# .# ??($

.'.<.'.##+..####§.##.#▓$)$)
.##.####.#....###...##▓▓▓▓▓
###'###.##..§...≈≈≈≈≈≈≈≈≈≈≈
##.#.####≈≈.....≈#'########
#.###.#≈≈≈§≈≈≈..≈#.._._...#
##.#.##≈≈≈≈≈≈≈≈.≈#._._._..#
≈##+##≈≈≈≈≈§≈≈§≈≈#_._._._.#
≈≈≈≈≈≈≈≈≈≈§§§≈≈§§#._._._._#


You could see a death drake.

Vanquished Creatures
  An unseen horror (D)
  A siren (D)
  A yaktaur (D)
  2 hippogriffs (D)
  4 neqoxecs (D)
  Menkaure (D)
  A hell rat (D)
  3 worms (D)
14 creatures vanquished.

Vanquished Creatures (collateral kills)
  3 polar bears (D)
  A hornet (D)
4 creatures vanquished.

Vanquished Creatures (others)
  An unseen horror (D)
  A swamp drake (D)
  A crocodile (D)
3 creatures vanquished.

Grand Total: 21 creatures vanquished

Notes
Turn   | Place    | Note
-------+----------+-------------------------------------------
     0 | D        | Kagutsuchi the Draconian Berserker began the quest for the Orb.
     0 | D        | Reached XP level 1. HP: 19/19 MP: 1/1
     1 | D        | Noticed a siren
    12 | D        | Killed a siren
    12 | D        | Reached skill level 9 in Fighting
    12 | D        | Reached XP level 2. HP: 19/37 MP: 2/2
    12 | D        | Reached XP level 3. HP: 22/42 MP: 3/3
    12 | D        | Reached XP level 4. HP: 26/50 MP: 4/4
    12 | D        | Reached XP level 5. HP: 29/57 MP: 5/5
    12 | D        | Reached XP level 6. HP: 32/63 MP: 6/6
   426 | D        | Noticed a neqoxec
   426 | D        | Noticed a neqoxec
   426 | D        | Noticed a neqoxec
   426 | D        | Noticed a neqoxec
   435 | D        | Killed a neqoxec
   435 | D        | Reached ** piety under Trog
   435 | D        | Reached skill level 10 in Fighting
   439 | D        | Gained mutation: You occasionally shout uncontrollably at your foes. [a neqoxec]
   441 | D        | Killed a neqoxec
   441 | D        | Your scales start taking on a glossy black colour.
   441 | D        | Reached XP level 7. HP: 73/73 MP: 7/7
   441 | D        | Gained mutation: You are resistant to electric shocks. (rElec) [Black Draconian growth]
   441 | D        | Gained mutation: Scrolls take you a little longer to read. [a neqoxec]
   444 | D        | Lost mutation: You occasionally shout uncontrollably at your foes. [a neqoxec]
   445 | D        | Killed a neqoxec
   445 | D        | Reached skill level 11 in Fighting
   446 | D        | Gained mutation: You regenerate slowly when monsters are visible. [a neqoxec]
   457 | D        | Gained mutation: Scrolls take you longer to read. [a neqoxec]
   458 | D        | Gained mutation: Your spells are a little easier to cast, but a little less powerful. [a neqoxec]
   459 | D        | Gained mutation: Your spells are easier to cast, but less powerful. [a neqoxec]
   460 | D        | Killed a neqoxec
   460 | D        | Reached *** piety under Trog
   460 | D        | Reached skill level 10 in Long Blades
   691 | D        | Noticed a hippogriff
   691 | D        | Noticed a hippogriff
   699 | D        | Killed a hippogriff
   699 | D        | Reached skill level 1 in Stealth
   703 | D        | Killed a hippogriff
   703 | D        | Reached skill level 12 in Fighting
   703 | D        | Reached XP level 8. HP: 83/83 MP: 8/8
   709 | D        | Noticed an obsidian statue
   758 | D        | Reached **** piety under Trog
   800 | D        | Found Uskiquol's Magic Scroll Boutique.
   800 | D        | Found Futtidd's Jewellery Shop.
   800 | D        | Found Siediec's Book Boutique.
   800 | D        | Found Iritut's Jewellery Boutique.
   800 | D        | Found Lekoq's Food Shop.
   801 | D        | Found Yrro's Antique Armour Shop.
   801 | D        | Found Mone's Antique Armour Shop.
   801 | D        | Found Xaiclot's Distillery.
   802 | D        | Found Wogihus's Food Shop.
   802 | D        | Found Urireliy's Book Boutique.
   802 | D        | Noticed a slime creature
   803 | D        | Found Vuyqaom's Distillery.
   804 | D        | Found Joutaf's Antique Weapon Shop.
   804 | D        | Found Qisaopp's Gadget Boutique.
   804 | D        | Noticed Menkaure
   804 | D        | Noticed a slime creature
   804 | D        | Noticed a slime creature
   804 | D        | Noticed an oklob plant
   805 | D        | Found Xeotzafe's Distillery.
   805 | D        | Found Dinufar's Distillery.
   805 | D        | Found Tiodemus's Book Shoppe.
   810 | D        | Bought a potion of curing for 42 gold pieces
   810 | D        | Bought a potion of curing for 42 gold pieces
   810 | D        | Bought a potion of haste for 140 gold pieces
   810 | D        | Bought a potion of curing for 42 gold pieces
   823 | D        | Killed Menkaure
   970 | D        | Noticed a fire dragon
   975 | D        | Noticed an iron elemental
   984 | D        | Bought a bread ration for 50 gold pieces
   984 | D        | Bought a meat ration for 50 gold pieces
   984 | D        | Bought a slice of pizza for 15 gold pieces
  1000 | D        | Bought the ring "Porph" {rC+ AC+2 Int+4 Slay+3} for 585 gold pieces
  1285 | D        | Found a roughly hewn altar of Beogh.
  1288 | D        | Found a hazy altar of Hepliaklqana.
  1288 | D        | Found a snail-covered altar of Cheibriados.
  1289 | D        | Found a stormy altar of Qazlal.
  1289 | D        | Found a viscous altar of Jiyva.
  1289 | D        | Found a shadowy altar of Dithmenos.
  1290 | D        | Found a sacrificial altar of Ru.
  1290 | D        | Found an ancient bone altar of Kikubaaqudgha.
  1290 | D        | Found a white marble altar of Elyvilon.
  1291 | D        | Found a shimmering altar of Xom.
  1291 | D        | Found a deep blue altar of Sif Muna.
  1291 | D        | Found a corrupted altar of Lugonu.
  1294 | D        | Found a basalt altar of Yredelemnul.
  1294 | D        | Found a bloodstained altar of Trog.
  1294 | D        | Found a burning altar of Makhleb.
  1295 | D        | Found a glowing silver altar of Zin.
  1295 | D        | Found a hide-covered altar of Uskayaw.
  1296 | D        | Found a glowing golden altar of the Shining One.
  1296 | D        | Found a radiant altar of Vehumet.
  1296 | D        | Noticed a polar bear
  1297 | D        | Noticed a polar bear
  1298 | D        | Found a blossoming altar of Fedhas.
  1298 | D        | Found a sparkling altar of Nemelex Xobeh.
  1298 | D        | Noticed a yaktaur
  1299 | D        | Noticed a polar bear
  1300 | D        | Found an opulent altar of Gozag.
  1300 | D        | Found an iron altar of Okawaru.
  1302 | D        | Noticed a hornet
  1303 | D        | Killed a polar bear
  1303 | D        | Reached skill level 10 in Dodging
  1305 | D        | Killed a polar bear
  1305 | D        | Received a gift from Trog
  1310 | D        | Killed a yaktaur
  1310 | D        | Received a gift from Trog
  1311 | D        | Paralysed by a hornet for 3 turns
  1312 | D        | Killed a polar bear
  1314 | D        | Killed a hornet
  1314 | D        | Reached skill level 13 in Fighting
  1314 | D        | Reached XP level 9. HP: 21/93 MP: 9/9
  1483 | D        | Noticed a death drake
  1497 | D        | Killed an unseen horror
  1501 | D        | Killed an unseen horror
  1757 | D        | Succumbed to a death drake's dark miasma

Skill      XL: |  1  2  3  4  5  6  7  8  9 |
---------------+----------------------------+-----
Fighting       | 9 10 12 13 | 13.1
Long Blades    | 8 9 10 12 | 12.1
Dodging        | 7 8 9 10 | 10.9
Stealth        | 1 2 3 |  3.0

Action                   |  1- 3 |  4- 6 |  7- 9 || total
-------------------------+-------+-------+-------++-------
Melee: Falchion          |     9 |    14 |    69 ||    92
       Tailslap          |     1 |     1 |    20 ||    22
Invok: Berserk           |     1 |     1 |     3 ||     5
       Brothers in Arms  |       |       |     2 ||     2
       Trog's Hand       |       |       |     1 ||     1
  Use: Potion            |       |       |     5 ||     5
 Stab: Sleeping          |       |       |     1 ||     1
  Eat: Bread ration      |       |       |     1 ||     1
       Meat ration       |       |       |     1 ||     1
Armor: Skin              |     1 |     2 |    23 ||    26
Dodge: Dodged            |     3 |     6 |    85 ||    94
       Rpst.: Falchion   |       |     1 |    18 ||    19
